 Dungeon Crawl Stone Soup version 0.27.1-2-g3b301248ec (webtiles) character file.

Game seed: 15682293854180104267

249 Dexcius the Chopper (level 5, -10/48 HPs)
             Began as a Minotaur Berserker on Sept 26, 2021.
             Was a Priest of Trog.
             Killed from afar by a steam dragon (14 damage)
             ... with a ball of steam
             ... on level 3 of the Dungeon.
             The game lasted 00:07:08 (2224 turns).

Dexcius the Chopper (Minotaur Berserker)            Turns: 2224, Time: 00:07:09

Health: -10/48     AC: 10    Str: 22    XL:     5   Next: 86%
Magic:  4/4        EV:  8    Int:  4    God:    Trog [***...]
Gold:   240        SH:  5    Dex: 10    Spells: 4/4 levels left

rFire    . . .     SeeInvis .   c - +0 war axe
rCold    + . .     Faith    .   (no shield)
rNeg     . . .     Spirit   .   j - +0 chain mail
rPois    .         Reflect  +   (helmet restricted)
rElec    .         Harm     .   m - +0 cloak
rCorr    +         Rampage  .   (no gloves)
Will     +....                  (no boots)
Stlth    ..........             l - amulet of reflection
HPRegen  0.16/turn              g - ring of resist corrosion
MPRegen  0.09/turn              (no ring)

@: no status effects
A: horns 2, retaliatory headbutt, cold resistance 1, strong-willed 1
a: Renounce Religion, Berserk, Trog's Hand


You were on level 3 of the Dungeon.
You worshipped Trog.
Trog was most pleased with you.
You visited 1 branch of the dungeon, and saw 3 of its levels.

You collected 240 gold pieces.

Inventory:

Hand Weapons
 c - a +0 war axe (weapon)
Armour
 j - a +0 chain mail (worn)
 m - a +0 cloak (worn)
Jewellery
 g - a ring of resist corrosion (left hand)
 i - a ring of willpower
 l - an amulet of reflection (around neck)
Scrolls
 a - a scroll of fear {unknown}
 b - a scroll of amnesia {unknown}
 f - a scroll of identify {unknown}
Potions
 d - 2 potions of mutation
 e - a potion of heal wounds
 h - a potion of curing
 k - a potion of might {unknown}


   Skills:
 + Level 5.2 Fighting
 + Level 6.0 Axes
 + Level 3.1 Armour
 + Level 3.0 Dodging
 + Level 1.0 Stealth
 + Level 0.2 Shields


You had 4 spell levels left.
You didn't know any spells.
Your spell library was empty.

Dungeon Overview and Level Annotations

Branches:
Dungeon (3/15)

Altars:

Shops:
D:2 ?


Innate Abilities, Weirdness & Mutations

You have a pair of horns on your head.
You reflexively headbutt those who attack you in melee.
Your flesh is cold resistant. (rC+)
You are strong-willed. (Will+)


Message History

Trog accepts your kill.
Found a stone staircase leading down.
d - 2 potions of mutation (gained 1)
There is a stone staircase leading down here.
A steam dragon comes into view.
The steam dragon hisses angrily.
The steam dragon bites you. The steam dragon claws you.
You hit the steam dragon. You headbutt the steam dragon!
The steam dragon is moderately wounded.
The steam dragon closely misses you. The steam dragon claws you.
You closely miss the steam dragon.
The steam dragon is moderately wounded.
The steam dragon bites you but does no damage.
The steam dragon claws you but does no damage.
The steam dragon breathes steam at you. The ball of steam hits you!!
You hit the steam dragon but do no damage.
Your headbutt misses the steam dragon.
The steam dragon is moderately wounded.
You are engulfed in a cloud of scalding steam.
You block the steam dragon's attack.
The steam dragon claws you but does no damage.
You hit the steam dragon. Your headbutt misses the steam dragon.
The steam dragon is heavily wounded.
You are engulfed in a cloud of scalding steam.
The steam dragon bites you but does no damage.
The steam dragon claws you but does no damage.
You closely miss the steam dragon.
The steam dragon is heavily wounded.
You are engulfed in a cloud of scalding steam.
* * * LOW HITPOINT WARNING * * *
The steam dragon barely misses you.
The steam dragon claws you but does no damage.
You closely miss the steam dragon.
The steam dragon is heavily wounded.
You are engulfed in a cloud of scalding steam.
* * * LOW HITPOINT WARNING * * *
The steam dragon breathes steam at you. The ball of steam hits you!
You die...

.....############# ######
# ######################
###....>...ยงยง...@D......
##..####################
..........# .########..
..# #.# .# .. ##.


You could see a steam dragon (catching breath).

Vanquished Creatures
  Crazy Yiuf (D:2)
  2 orc priests (D:3)
  Jessica (D:2)
  Terence (D:2)
  Robin (D:3)
  2 adders
  3 orcs (D:3)
  5 ball pythons
  5 endoplasms
  2 giant cockroaches
  17 goblins
  11 hobgoblins
  6 kobolds
  2 quokkas (D:1)
  5 bats
  5 frilled lizards
  6 rats
75 creatures vanquished.

Vanquished Creatures (others)
  A plant (D:1)
1 creature vanquished.

Grand Total: 76 creatures vanquished

Notes
Turn   | Place    | Note
-------+----------+-------------------------------------------
     0 | D:1      | Dexcius the Minotaur Berserker began the quest for the Orb.
     0 | D:1      | Reached XP level 1. HP: 19/19 MP: 0/0
   427 | D:1      | Reached XP level 2. HP: 27/27 MP: 1/1
   430 | D:1      | Reached skill level 4 in Axes
   659 | D:1      | Found a faded altar of an unknown god.
   700 | D:1      | Reached ** piety under Trog
   919 | D:1      | Reached XP level 3. HP: 24/33 MP: 2/2
  1151 | D:2      | Noticed Terence
  1161 | D:2      | Killed Terence
  1273 | D:2      | Noticed Jessica
  1275 | D:2      | Killed Jessica
  1276 | D:2      | Reached XP level 4. HP: 41/41 MP: 3/3
  1410 | D:2      | Found Voud's Magic Scroll Shoppe.
  1427 | D:2      | Reached skill level 5 in Axes
  1641 | D:2      | Found a runed translucent door.
  1642 | D:2      | Noticed Crazy Yiuf
  1647 | D:2      | Killed Crazy Yiuf
  1648 | D:2      | Reached skill level 5 in Fighting
  1648 | D:2      | Reached XP level 5. HP: 38/48 MP: 4/4
  1864 | D:3      | Gained mutation: You are strong-willed. (Will+) [potion of
                  | mutation]
  1864 | D:3      | Gained mutation: Your flesh is cold resistant. (rC+)
                  | [potion of mutation]
  2079 | D:3      | Noticed Robin
  2090 | D:3      | Killed Robin
  2091 | D:3      | Reached skill level 6 in Axes
  2100 | D:3      | Reached *** piety under Trog
  2101 | D:3      | Reached skill level 1 in Stealth
  2215 | D:3      | Noticed a steam dragon
  2224 | D:3      | Killed from afar by a steam dragon

Illustrated notes

Levels and vault maps discovered:
D:1:      dpeg_arrival_solitude, layout_loops_ring,
          chequers_ecumenical_altar_lobes, minmay_tree_intersection,
          palyth_stone_intersect
D:2:      layout_basic, serial_shops, shop_coins, uniq_terence, uniq_jessica,
          uniq_crazy_yiuf_cottage
D:3:      layout_rooms, chequers_serial_rivers_micro_e, minmay_strange_pillars,
          uniq_robin, uniq_ijyb, uniq_natasha

Skill      XL: |  1  2  3  4  5 |
---------------+----------------+-----
Fighting       | 4 5 |  5.2
Axes           | 4 5 6 |  6.0
Armour         | 3 |  3.1
Dodging        | 3 |  3.0
Stealth        | 1 |  1.0
Shields        | |  0.2

Action                   |  1- 3 |  4- 6 || total
-------------------------+-------+-------++-------
Melee: War axe           |    60 |    66 ||   126
       Headbutt          |     8 |     6 ||    14
Invok: Berserk           |     1 |     2 ||     3
  Use: Potion            |       |     7 ||     7
       Scroll            |       |     3 ||     3
 Stab: Sleeping          |     1 |       ||     1
Armor: Animal skin       |    11 |       ||    11
       Chain mail        |     2 |    35 ||    37
Dodge: Dodged            |    38 |    36 ||    74
Block: Other             |       |    16 ||    16
